 Dungeon Crawl Stone Soup version 0.30-a0-782-ge64f9170bb (webtiles) character file.

Game seed: 15664880968597581647

359030 Flugkiller the Pyromancer (level 21, -3/168 HPs)
             Began as a Green Draconian Warper on Feb 19, 2023.
             Was an Initiate of Gozag.
             Slain by a white very ugly thing (87 damage)
             ... on level 1 of the Depths.
             The game lasted 01:33:13 (56685 turns).

Flugkiller the Pyromancer (Green Draconian Warper) Turns: 56685, Time: 01:33:14

Health: -3/168     AC: 17    Str: 16    XL:     21   Next: 45%
Magic:  22/44      EV: 13    Int: 29    God:    Gozag
Gold:   8585       SH:  5    Dex:  9    Spells: 22/58 levels left

rFire   + . .      SeeInvis .    u - staff of fire
rCold   x . .      Faith    .    p - +3 buckler "Siufix Woank" {rPois}
rNeg    . . .      Spirit   .    (body armour unavailable)
rPois   +          Reflect  .    I - +0 hat of the Ten Hurling Xalams {rF- Int+7 Dex-4 Stlth+}
rElec   .          Harm     +    X - scarf {harm}
rCorr   .          Rampage  .    P - +2 pair of gloves
Will    +....                    m - +2 pair of boots
Stlth   ++                       Y - amulet of magic regeneration
HPRegen 0.48/turn                O - ring of wizardry
MPRegen 0.69/turn                B - ring "Novveum" {Fire Int+2}

@: gold aura, slowed, studying 3 skills, very slow
A: breathe noxious fumes, AC +11, unfitting armour, stinger 1, poison
resistance, cold-blooded
}: 2/15 runes: decaying, serpentine
a: Breathe Noxious Fumes, Renounce Religion, Potion Petition, Call Merchant,
Bribe Branch


You were on level 1 of the Depths.
You worshipped Gozag.
Gozag was greatly pleased with you.
You visited 8 branches of the dungeon, and saw 36 of its levels.
You visited 1 bazaar.
You also visited: Ossuary, Gauntlet and Ice Cave.

You collected 19041 gold pieces.
You spent 3528 gold pieces at shops.
You paid 6928 gold pieces to Gozag.

Inventory:

Hand Weapons
 s - the +5 scimitar of the Ferocious God {freeze, *Noise rN+++ Int+6}
   (You found it in an ice cave)

   Int:       It affects your intelligence (+6).
   rN:        It renders you almost immune to negative energy.
   *Noise:    It may make noises in combat.
Missiles
 Q - 9 curare-tipped darts (quivered)
 U - a throwing net
Armour
 m - a +2 pair of boots (worn)
   (You found it on level 2 of the Dungeon)
 p - the +3 buckler "Siufix Woank" (worn) {rPois}
   (You found it in a Gauntlet)

   rPois:     It protects you from poison.
 I - the +0 hat of the Ten Hurling Xalams (worn) {rF- Int+7 Dex-4 Stlth+}
   (You acquired it on level 13 of the Dungeon)

   Int:       It affects your intelligence (+7).
   Dex:       It affects your dexterity (-4).
   rF:        It makes you vulnerable to fire.
   Stlth:     It makes you more stealthy.
 K - the +3 crown of Dyrovepreva {rElec Int+2 SInv}
   (You found it in a Gauntlet)

   Int:       It affects your intelligence (+2).
   rElec:     It insulates you from electricity.
   SInv:      It lets you see invisible.
 P - a +2 pair of gloves (worn)
   (You found it in a Gauntlet)
 X - a scarf of harm (worn)
   (You found it on level 4 of the Lair of Beasts)
Magical Staves
 u - a staff of fire (weapon)
   (You found it on level 12 of the Dungeon)
Jewellery
 a - the ring of Zoahiqu {*Slow rC+++ Str+3 Int+6 Dex+3}
   (You found it on level 4 of the Vaults)

   [ring of intelligence]

   Str:       It affects your strength (+3).
   Int:       It affects your intelligence (+6).
   Dex:       It affects your dexterity (+3).
   rC:        It renders you almost immune to cold.
   *Slow:     It may slow you when you take damage.
 f - a ring of protection from fire
   (You found it on level 2 of the Dungeon)
 r - the ring of Xom's Whimsicality {Str+3 Int+3 Dex+6}
   (You found it on level 4 of the Vaults)

   [ring of dexterity]

   Str:       It affects your strength (+3).
   Int:       It affects your intelligence (+3).
   Dex:       It affects your dexterity (+6).
 v - the ring "Daegeik" {Fire Str-3 Dex+4}
   (You found it in a Gauntlet)

   [ring of fire]

   It enhances your fire magic.
   Str:       It affects your strength (-3).
   Dex:       It affects your dexterity (+4).
   rF:        It protects you from fire.
   rC:        It makes you vulnerable to cold.
 B - the ring "Novveum" (right hand) {Fire Int+2}
   (You found it in a Gauntlet)

   [ring of fire]

   It enhances your fire magic.
   Int:       It affects your intelligence (+2).
   rF:        It protects you from fire.
   rC:        It makes you vulnerable to cold.
 L - the ring of Hospitality {rC+ MP+9}
   (You bought it in a shop on level 4 of the Snake Pit)

   [ring of magical power]

   rC:        It protects you from cold.
   MP:        It affects your magic capacity (+9).
 O - a ring of wizardry (left hand)
   (You found it in an ice cave)
 R - an amulet of regeneration
   (You found it on level 3 of the Lair of Beasts)
 Y - an amulet of magic regeneration (around neck)
   (You found it on level 5 of the Lair of Beasts)
Wands
 j - a wand of charming (45)
   (You found it on level 10 of the Dungeon)
 D - a wand of roots (15)
   (You found it in a Gauntlet)
 H - a wand of mindburst (6)
   (You found it on level 7 of the Dungeon)
 M - a wand of light (18)
   (You found it in a Gauntlet)
Scrolls
 b - 6 scrolls of enchant armour
 e - 5 scrolls of fog
 g - 9 scrolls of fear
 o - 4 scrolls of summoning
 t - 24 scrolls of teleportation
 z - 6 scrolls of blinking
 F - 5 scrolls of magic mapping
 S - 3 scrolls of immolation
 T - 5 scrolls of vulnerability
Potions
 h - 3 potions of haste
 i - a potion of cancellation
 k - 2 potions of invisibility
 l - 9 potions of attraction
 n - 5 potions of resistance
 q - 21 potions of curing
 w - 9 potions of heal wounds
 A - 3 potions of magic
 C - 3 potions of ambrosia
 E - 9 potions of brilliance
 G - 7 potions of mutation
Miscellaneous
 d - a tin of tremorstones (2/2)
   (You found it on level 4 of the Vaults)
 J - a box of beasts
   (You found it on level 4 of the Snake Pit)
 W - a lightning rod (4/4)
   (You found it on level 4 of the Lair of Beasts)
 Z - a condenser vane
   (You found it on level 5 of the Lair of Beasts)


   Skills:
 - Level 10.0 Fighting
 - Level 10.0 Long Blades
 - Level 0.8 Throwing
 - Level 8.0 Dodging
 + Level 19.3 Spellcasting
 + Level 22.0 Conjurations
 - Level 4.0 Translocations
 + Level 22.0 Fire Magic
 - Level 6.0 Evocations


You had 22 spell levels left.
You knew the following spells:

 Your Spells              Type           Power      Damage    Failure   Level
a - Starburst             Conj/Fire      75%        6d19      1%          6
b - Scorch                Fire           100%       2d10      0%          2
c - Orb of Destruction    Conj           51%        9d13      1%          7
d - Fire Storm            Conj/Fire      75%        8d19      10%         9
e - Fireball              Conj/Fire      75%        3d28      0%          5
i - Irradiate             Conj/Tmut      37%        3d24      1%          5
r - Blink                 Tloc           100%       N/A       1%          2

Your spell library contained the following spells:

 Spells                   Type           Power      Damage    Failure   Level
 Iskenderun's Battlesphe  Conj           100%       2d15      0%          5
 Apportation              Tloc           100%       N/A       1%          1
 Necrotise                Necr           100%       1d9       1%          1
 Summon Small Mammal      Summ           100%       N/A       1%          1
 Ensorcelled Hibernation  Hex/Ice        56%        N/A       1%          2
 Lesser Beckoning         Tloc           100%       N/A       1%          2
 Passwall                 Tmut/Erth      23%        N/A       1%          2
 Static Discharge         Conj/Air       100%       2-7/arc   1%          2
 Sublimation of Blood     Necr           28%        N/A       1%          2
 Gell's Gravitas          Tloc           50%        N/A       1%          3
 Inner Flame              Hex/Fire       100%       N/A       1%          3
 Portal Projectile        Hex/Tloc       78%        N/A       1%          3
 Teleport Other           Tloc           50%        N/A       1%          3
 Vhi's Electric Charge    Tloc/Air       78%        N/A       1%          3
 Manifold Assault         Tloc           50%        N/A       1%          4
 Passage of Golubria      Tloc           50%        N/A       1%          4
 Arcjolt                  Conj/Air       37%        1d47      1%          5
 Freezing Cloud           Conj/Ice/Air   31%        6-21      1%          5
 Lightning Bolt           Conj/Air       37%        1d56      1%          5
 Iron Shot                Conj/Erth      37%        9d7       1%          6
 Call Canine Familiar     Summ           28%        N/A       2%          3
 Ozocubu's Armour         Ice            28%        N/A       2%          3
 Summon Guardian Golem    Hex/Summ       28%        N/A       2%          3
 Swiftness                Air            28%        N/A       2%          3
 Vampiric Draining        Necr           28%        2d8       2%          3
 Leda's Liquefaction      Hex/Erth       14%        N/A       8%          4
 Petrify                  Tmut/Erth      28%        N/A       8%          4
 Spellforged Servitor     Conj/Summ      37%        N/A       8%          7
 Summon Forest            Summ/Tloc      19%        N/A       10%         5
 Agony                    Necr           28%        N/A       21%         5
 Alistair's Intoxication  Tmut/Pois      18%        N/A       21%         5
 Blade Hands              Tmut           14%        N/A       21%         5
 Metabolic Englaciation   Hex/Ice        14%        N/A       21%         5
 Silence                  Hex/Air        14%        N/A       21%         5
 Dispersal                Tloc           25%        N/A       22%         6
 Lehudib's Crystal Spear  Conj/Erth      37%        10d9      45%         8
 Malign Gateway           Summ/Tloc      19%        N/A       94%         7
 Ozocubu's Refrigeration  Ice            14%        4d10      99%         7
 Summon Horrible Things   Summ           14%        N/A       100%        8
 Chain Lightning          Conj/Air       37%        3d50      100%        9
 Shatter                  Erth           14%        3d14*     100%        9
 Animate Armour           Summ/Erth      Unusable   N/A       N/A         4
 Simulacrum               Ice/Necr       Unusable   N/A       N/A         6

Dungeon Overview and Level Annotations

Branches:
Dungeon (15/15) Zot: 23723  Temple (1/1) D:5 Zot: 5965    Lair (5/5) D:10 Zot: 19872
  Swamp (4/4) Lair:2 Zot: 19670   Snake (4/4) Lair:2 Zot: 14976   Slime (0/5) Lair:5
    Orc (2/2) D:12 Zot: 9845     Elf (0/3) Orc:2        Vaults (4/5) D:14 Zot: 14195
  Crypt (0/3) Vaults:2     Depths (1/4) D:15 Zot: 5938 Ossuary (visited)
  IceCv (visited)         Gauntlet (visited)

Altars:
Ashenzari
Cheibriados
Dithmenos
Elyvilon
Fedhas
Gozag
Hepliaklqana
Kikubaaqudgha
Makhleb
Nemelex Xobeh
Okawaru
Qazlal
Ru
Sif Muna
Trog
Uskayaw
Vehumet
Wu Jian
Xom
Yredelemnul
Zin
The Shining One

Shops:
D:3 ?   D:6 **   D:12 [   Orc:2 ::[!?(![!   Snake:2 =   Snake:4 =?:
Vaults:2 *   Vaults:4 (

Annotations:
D:9 3 runed translucent doors
Lair:4 3 runed translucent doors, Ikikoito's ghost, journeyman TrFi; Sudiex's ghost, journeyman DsFE; Sume's ghost, journeyman OgEE; Wuzine's ghost, journeyman GrFE
Snake:2 1 runed translucent door, Anon1729's ghost, adept MiMo


Innate Abilities, Weirdness & Mutations

You can breathe blasts of noxious fumes.
Your lurid green scales are hard. (AC +11)
You cannot fit into any form of body armour.
Your tail ends in a venomous barb.
Your system is resistant to poisons. (rPois)
You are cold-blooded and may be slowed by cold attacks.


Message History

Your fire vortex dissipates!
Your fire vortex closely misses the red very ugly thing.
The red very ugly thing is distracted by your dazzling golden aura.
The red very ugly thing gurgles horribly!
Your fire vortex hits the red very ugly thing.
Your fire vortex burns the red very ugly thing!
The red very ugly thing completely resists.
Your fire vortex dissipates!
Casting: Fire Storm (dangerous; 10% risk of failure)
Confirm with . or Enter, or press ? or * to list all spells.
Aiming: Fire Storm (dangerous; 10% risk of failure)
Press: ? - help, Dir - move target You feel a strong surge of power!
A raging storm of fire appears!
The great blast of fire engulfs the red very ugly thing!!
The red very ugly thing partially resists.
You kill the red very ugly thing!
Your Fire Magic skill increases to level 22!
You start resting.
A rakshasa comes into view. It is wielding a +0 trident.
Something completely misses the rakshasa.
Your fire vortex hits something.
Your fire vortex burns something!
Your fire vortex dissipates!
A lich comes into view.
Magic courses through your body.
The rakshasa blinks!
The lich touches your fire vortex!
Unknown command.
Casting: Fire Storm (dangerous; 10% risk of failure)
Confirm with . or Enter, or press ? or * to list all spells.
Aiming: Fire Storm (dangerous; 10% risk of failure)
Press: ? - help, Dir - move target, f - rakshasa
Aim: a rakshasa, wielding a +0 trident and wearing a +0 robe (moderately wounded)
You feel a strong surge of power!
A raging storm of fire appears!
The great blast of fire engulfs the rakshasa!!!!
You kill the rakshasa!
The great blast of fire engulfs the lich!!!!
You destroy the lich!
A spark wasp comes into view.
A spark wasp comes into view.
The spark wasp is engulfed in blazing flames.
Your Conjurations skill increases to level 22!
The spark wasp is engulfed in blazing flames. x2
Casting: Fire Storm (dangerous; 10% risk of failure)
Confirm with . or Enter, or press ? or * to list all spells.
Aiming: Fire Storm (dangerous; 10% risk of failure)
Press: ? - help, Dir - move target, f - spark wasp
Aim: a spark wasp (flame, moderately wounded)
Okay, then.
Casting: Fire Storm (dangerous; 10% risk of failure)
Confirm with . or Enter, or press ? or * to list all spells.
Aiming: Fireball (safe; 0% risk of failure)
Press: ? - help, Shift-Dir - straight line, f - spark wasp
Aim: a spark wasp (flame, moderately wounded)
You feel a strong surge of power!
The fireball explodes!
The fireball engulfs your fire vortex.
Your fire vortex completely resists.
The fireball engulfs the spark wasp!!!
You kill the spark wasp!
The fireball engulfs your fire vortex.
Your fire vortex completely resists.
The fireball engulfs the spark wasp!!!
You kill the spark wasp!
A spark wasp comes into view.
The spark wasp bursts into living lightning!
The living lightning hits your fire vortex.
Your fire vortex resists.
The living lightning hits you!!
The spark wasp blinks! x2
Casting: Fireball (safe; 0% risk of failure)
Confirm with . or Enter, or press ? or * to list all spells.
You feel a strong surge of power!
The bolt of fire hits the spark wasp!!!
You kill the spark wasp!
Unknown command.
Something engulfs your fire vortex!!
Your fire vortex hits something.
Your fire vortex burns something!
Your fire vortex dissipates!
Unknown command.
Casting: Starburst (safe; 1% risk of failure)
Confirm with . or Enter, or press ? or * to list all spells.
You feel a strong surge of power! The bolt of fire hits your fire vortex.
Your fire vortex completely resists.
The bolt of fire hits the white very ugly thing!!!
The white very ugly thing is severely wounded.
The bolt of fire hits your fire vortex.
Your fire vortex completely resists.
You are confused.
You feel invigorated.
Unknown command.
The white very ugly thing pecks your fire vortex.
The white very ugly thing freezes your fire vortex!!
Your fire vortex is frozen!
Your fire vortex dissipates!
The white very ugly thing is distracted by your dazzling golden aura.
A fire giant comes into view.
It is wielding a +0 great sword of flaming.
You feel better.
You feel less invigorated.
The red very ugly thing is distracted by your dazzling golden aura.
The white very ugly thing pecks you.
The white very ugly thing freezes you!!!!
You feel a terrible chill!
You feel yourself slow down.
Ouch! That really hurt!
You die...
Your body crumbles into a pile of gold.

###################
#.................#..v..
#.......................
#.....$@..............v$
#......u.$.............v
#......................v
#.....uu........(.......
#....$$$..$$$...........
#........$$.............
#..C...........##+######
........v......#
.$........#


You could see 3 very ugly things, a fire giant and a friendly fire vortex.

Vanquished Creatures
  Mara (Swamp:3)
  Margery (Vaults:4)
  Vashnia (Snake:4)
  Jorgrun (Swamp:2)
  Rupert (Snake:1)
  2 liches
  Mlioglotl (Swamp:3)
  2 quicksilver dragons (Snake:4)
  An ancient champion (Vaults:2)
  The ghost of tilp the Warrior, an adept MeFi of Okawaru (Snake:4)
  4 sphinxes
  The ghost of Piask the Bludgeoner, an adept FoAK of Lugonu (Swamp:1)
  Agnes (Snake:4)
  Donald (Swamp:3)
  A tengu reaver (Vaults:3)
  A nagaraja (Snake:4)
  A frost giant (Vaults:4)
  A fire giant (Vaults:4)
  Aizul (Snake:1)
  17 vault wardens
  A ghost moth (shapeshifter) (D:15)
  Louise (D:14)
  6 orc warlords
  15 very ugly things
  15 ironbound preservers
  A war gargoyle (Vaults:4)
  8 ironbound thunderhulks
  A stone giant (Vaults:4)
  Nessos (Lair:4)
  4 eleionomae
  18 dire elephants
  4 bunyips
  A deep elf annihilator (Vaults:4)
  Snorg (D:10)
  3 spark wasps (Depths:1)
  A minotaur (Gauntlet)
  A shambling mangrove (Swamp:2)
  7 yaktaur captains
  Josephine (Lair:4)
  3 crystal guardians
  4 fire dragons
  7 great orbs of eyes
  An entropy weaver (Vaults:1)
  16 hydras
  19 vault guards
  3 ice dragons
  2 spriggan air magi (Swamp:4)
  A rakshasa (Depths:1)
  2 peacekeepers
  The ghost of HammerPanzer the Severer, a journeyman MiBe of Trog (D:12)
  7 anacondas
  4 salamander tyrants
  Erica (D:11)
  16 centaur warriors
  Erolcha (Orc:2)
  6 alligators
  12 boulder beetles
  A catoblepas (Lair:5)
  A death knight (D:15)
  20 naga warriors
  11 ironbound frosthearts
  6 two-headed ogres
  3 deep troll earth magi (Vaults:4)
  A death scarab (Gauntlet)
  A vampire mage (Vaults:2)
  A soul eater (Vaults:2)
  7 death yaks
  A spriggan berserker (Depths:1)
  Urug (Lair:2)
  23 naga sharpshooters
  3 hell knights (Vaults:4)
  7 shock serpents
  2 salamander mystics (Snake:4)
  3 fire crabs (Swamp:4)
  3 skeletal warriors (D:15)
  38 deep trolls
  3 goliath frogs
  A skyshark (Lair:2)
  3 glowing orange brains
  An orange crystal statue (Snake:3)
  A bog body (Swamp:1)
  4 spriggan druids
  11 lindwurms
  3 phantasmal warriors
  5 naga ritualists
  11 wizards
  14 swamp dragons
  3 deep elf pyromancers
  18 ironbound convokers
  6 necromancers
  7 will-o-the-wisps
  7 mana vipers
  An orc sorcerer (Orc:2)
  30 orc knights
  2 stone giant zombies
  24 elephants
  15 salamanders
  35 ugly things
  7 cyclopes
  39 black mambas
  2 ice statues (IceCv)
  17 naga magi
  7 guardian serpents
  18 vault sentinels
  15 cane toads
  2 demonic crawlers (D:13)
  A frost giant skeleton (Vaults:2)
  A gargoyle (D:11)
  An eye of devastation (shapeshifter) (Vaults:4)
  3 torpor snails
  A minotaur zombie (Gauntlet)
  6 rime drakes
  An unseen horror (D:11)
  29 yaktaurs
  4 freezing wraiths (D:12)
  12 komodo dragons
  An efreet (Gauntlet)
  2 kobold demonologists (D:13)
  A yaktaur skeleton (Vaults:2)
  6 polar bears (Lair:5)
  2 tengu conjurers (Vaults:3)
  10 trolls
  6 tyrant leeches
  21 hornets
  6 meliai
  3 bloated husks
  10 blink frogs
  A human simulacrum (Vaults:2)
  3 dream sheep
  A dream sheep (shapeshifter) (Vaults:4)
  An ettin zombie (Vaults:2)
  A jumping spider (Vaults:1)
  35 slime creatures
  Sigmund (D:2)
  A culicivora (Vaults:1)
  A shadow (D:12)
  29 spriggans
  7 wraiths
  22 yaks
  12 wyverns
  2 vampires
  2 water elementals (D:13)
  4 basilisks
  3 fire elementals
  8 steam dragons
  5 vampire mosquitoes
  A redback (Vaults:1)
  7 wargs (Orc:2)
  43 nagas
  15 swamp worms
  A yaktaur simulacrum (Vaults:2)
  6 acid dragons
  3 hell hounds (Gauntlet)
  An ogre skeleton (Vaults:2)
  22 water moccasins
  11 swamp drakes
  An ice beast (D:8)
  3 sky beasts (D:12)
  A black bear (Lair:5)
  40 orc warriors
  11 boggarts
  A black bear (shapeshifter) (D:14)
  8 ogres
  45 wolves
  14 centaurs
  A phantom (D:7)
  2 human skeletons (Vaults:1)
  4 kobold brigands
  6 elf zombies
  7 bullfrogs
  A necrophage (D:8)
  A gnoll sergeant (D:12)
  4 scorpions
  5 wights (D:7)
  4 killer bees (D:9)
  2 lindwurm simulacra (IceCv)
  2 howler monkeys (D:9)
  3 hounds
  5 human zombies (Ossuary)
  6 jellies
  3 lava snakes (Lair:2)
  2 centaur zombies (Ossuary)
  4 komodo dragon simulacra (IceCv)
  A jelly (shapeshifter) (D:15)
  11 orc priests
  A gnoll bouda (D:6)
  8 iguanas
  Jessica (D:3)
  Natasha (thrice) (D:3)
  14 orc wizards
  10 hell rats
  2 polar bear simulacra (D:15)
  4 yak simulacra (D:15)
  4 wolf simulacra (D:15)
  5 mummies
  8 acid dragon simulacra (IceCv)
  13 adders
  8 gnolls
  2 white imps (D:6)
  7 steam dragon simulacra (IceCv)
  A worm (D:5)
  4 dart slugs
  73 orcs
  5 ball pythons
  11 endoplasms
  4 giant cockroaches
  5 goblins
  3 hobgoblins
  4 jackals (D:5)
  17 kobolds
  6 quokkas
  3 bats
  2 frilled lizards
  2 hobgoblin zombies (D:4)
  2 kobold zombies (D:4)
  2 orc zombies (D:7)
  2 rats
  A river rat simulacrum (D:15)
  A fire vortex (Swamp:4)
1494 creatures vanquished.

Vanquished Creatures (collateral kills)
  A killer bee (D:9)
1 creature vanquished.

Vanquished Creatures (others)
  A salamander tyrant (Snake:4)
  An alligator (Swamp:3)
  A swamp worm (Swamp:4)
  3 swamp drakes (Swamp:4)
  A killer bee (D:9)
  An electric eel (D:8)
  A bush (Lair:5)
  11 fire vortices (Depths:1)
  4 foxfires (Swamp:1)
  69 fungi
  74 plants
  4 withered plants
171 creatures vanquished.

Grand Total: 1666 creatures vanquished

Notes
Turn   | Place    | Note
-------+----------+-------------------------------------------
     0 | D:1      | Flugkiller the Draconian Warper began the quest for the
                  | Orb.
     0 | D:1      | Reached XP level 1. HP: 17/17 MP: 3/3
   140 | D:1      | Found a faded altar of an unknown god.
   282 | D:1      | Reached XP level 2. HP: 25/25 MP: 5/5
   794 | D:2      | Reached XP level 3. HP: 29/31 MP: 6/6
  1013 | D:2      | Noticed Sigmund
  1228 | D:2      | Killed Sigmund
  1229 | D:2      | Reached skill level 5 in Fighting
  1229 | D:2      | Reached XP level 4. HP: 22/42 MP: 7/7
  1229 | D:2      | Reached XP level 5. HP: 26/48 MP: 8/8
  1444 | D:3      | Found Guroast's Magic Scroll Boutique.
  1598 | D:3      | Noticed Natasha
  1761 | D:2      | Learned a level 2 spell: Blink
  1858 | D:3      | Killed Natasha
  1859 | D:3      | Reached XP level 6. HP: 36/57 MP: 9/9
  1995 | D:3      | Noticed Natasha
  2007 | D:3      | Killed Natasha
  2088 | D:3      | Noticed Jessica
  2092 | D:3      | Killed Jessica
  2325 | D:3      | Noticed Natasha
  2335 | D:3      | Killed Natasha
  2839 | D:4      | Noticed a water moccasin
  2960 | D:4      | Found a glowing golden altar of the Shining One.
  2963 | D:4      | Found an ornate altar of the Wu Jian Council.
  3138 | D:4      | Your scales start taking on a lurid green colour.
  3138 | D:4      | Reached XP level 7. HP: 53/63 MP: 11/11
  3138 | D:4      | Gained mutation: Your system is resistant to poisons.
                  | (rPois) [Green Draconian growth]
  3520 | D:5      | Entered Level 5 of the Dungeon
  3534 | D:5      | Identified the +4 falchion of Revolt {speed, rCorr Dex+4}
  3553 | D:5      | Found a staircase to the Ecumenical Temple.
  3567 | Temple   | Entered the Ecumenical Temple
  3592 | Temple   | Became a worshipper of Gozag Ym Sagoz the Greedy
  3906 | D:5      | Reached skill level 5 in Long Blades
  4312 | D:6      | Found Fhikhloph's Fabulous Fripperies.
  4466 | D:6      | Reached XP level 8. HP: 42/70 MP: 12/12
  4479 | D:6      | Found Fivvoic's Fire Supplies.
  4684 | D:6      | Found a bloodstained altar of Trog.
  4814 | D:6      | Found a hazy altar of Hepliaklqana.
  4814 | D:6      | Found a hide-covered altar of Uskayaw.
  5119 | D:7      | Found a sand-covered staircase.
  5127 | Ossuary  | Entered an ossuary
  5159 | Ossuary  | Reached skill level 5 in Dodging
  5370 | Ossuary  | Reached XP level 9. HP: 79/79 MP: 13/13
  5987 | D:7      | Found a shadowy altar of Dithmenos.
  5995 | D:7      | Reached skill level 1 in Conjurations
  5995 | D:7      | Reached skill level 1 in Fire Magic
  6242 | D:6      | Bought the Compendium of Incineration for 336 gold pieces
  6739 | D:8      | Noticed a two-headed ogre
  6739 | D:8      | Noticed a troll
  6774 | D:8      | Killed a two-headed ogre
  6809 | D:8      | Killed a troll
  6810 | D:8      | Reached XP level 10. HP: 76/88 MP: 15/17
  7152 | D:9      | Found a stormy altar of Qazlal.
  7189 | D:9      | Reached skill level 5 in Spellcasting
  7467 | D:9      | Found a runed translucent gate.
  7468 | D:9      | Found a runed translucent gate.
  7482 | D:9      | Reached skill level 5 in Fire Magic
  7488 | D:9      | Found a runed translucent gate.
  7505 | D:9      | Reached skill level 5 in Conjurations
  7505 | D:9      | Reached skill level 1 in Evocations
  7733 | D:9      | Noticed a brown ugly thing
  7734 | D:9      | Noticed a green ugly thing
  7734 | D:9      | Noticed a cyan ugly thing
  7736 | D:9      | Noticed a cyan ugly thing
  7736 | D:9      | Noticed a glowing orange brain
  7739 | D:9      | a glowing orange brain changed into a faun
  7739 | D:9      | Noticed a faun (glowing shapeshifter)
  7743 | D:9      | a faun changed into a slime creature
  7762 | D:9      | Noticed a deep troll
  7762 | D:9      | a deep troll changed into a manticore
  7762 | D:9      | Noticed a manticore (glowing shapeshifter)
  7763 | D:9      | a manticore changed into a lindwurm
  7763 | D:9      | Noticed a lindwurm (glowing shapeshifter)
  7765 | D:9      | a lindwurm changed into an elephant
  7765 | D:9      | Noticed an elephant (glowing shapeshifter)
  7813 | D:9      | Noticed a salamander
  7821 | D:9      | a salamander changed into a komodo dragon
  7844 | D:10     | Entered Level 10 of the Dungeon
  8167 | D:9      | Reached skill level 5 in Evocations
  8402 | D:9      | Noticed a skyshark
  8406 | D:9      | Noticed a manticore
  8409 | D:9      | a manticore changed into a moth of wrath
  8409 | D:9      | Noticed a moth of wrath (glowing shapeshifter)
  8482 | D:6      | Bought a manual of Fire Magic for 1120 gold pieces
  8556 | D:10     | Found a bloodstained altar of Trog.
  8747 | D:10     | Noticed a two-headed ogre
  8748 | D:10     | Noticed Snorg
  8760 | D:10     | Killed a two-headed ogre
  8761 | D:10     | Reached XP level 11. HP: 94/94 MP: 18/18
  8811 | D:10     | Found a staircase to the Lair.
  8930 | D:10     | Noticed a wizard
  8942 | D:10     | Killed a wizard
  9068 | D:10     | Found a white marble altar of Elyvilon.
  9249 | D:10     | Killed Snorg
  9250 | D:10     | Reached skill level 10 in Fire Magic
  9262 | D:10     | Learned a level 6 spell: Starburst
  9538 | D:11     | Noticed a two-headed ogre
  9554 | D:11     | Killed a two-headed ogre
  9609 | D:11     | Noticed Erica
  9628 | D:11     | Noticed a two-headed ogre
  9663 | D:11     | Killed Erica
  9826 | D:11     | Found a gate leading to a gauntlet.
  9834 | Gauntlet | Entered a Gauntlet
  9834 | Gauntlet | Found a transporter.
  9841 | Gauntlet | Found a transporter.
  9843 | Gauntlet | Noticed a death scarab
  9853 | Gauntlet | Found a transporter.
  9857 | Gauntlet | Found a transporter.
  9867 | Gauntlet | Found a transporter.
  9869 | Gauntlet | Found a transporter.
  9876 | Gauntlet | Found a runed translucent door.
  9878 | Gauntlet | Found a transporter.
  9890 | Gauntlet | Noticed a wolf spider
  9894 | Gauntlet | Found a transporter.
  9911 | Gauntlet | Found a transporter.
  9913 | Gauntlet | Found a transporter.
  9915 | Gauntlet | Found a runed translucent gate.
  9915 | Gauntlet | Found a runed translucent gate.
  9915 | Gauntlet | Found a runed translucent gate.
  9921 | Gauntlet | Found a transporter.
  9925 | Gauntlet | Found a transporter.
  9983 | Gauntlet | Noticed a shining eye
 10089 | Gauntlet | Identified the ring "Daegeik" {Fire Str-3 Dex+4}
 10100 | Gauntlet | Killed a death scarab
 10105 | Gauntlet | Identified the ring "Novveum" {Fire Int+2}
 10118 | Gauntlet | Noticed an oklob plant
 10819 | Gauntlet | Identified the +0 pair of gloves of Sharp Music {Rampage
                  | Will+ MP-9 Dex+4}
 10832 | Gauntlet | Noticed a minotaur
 10834 | Gauntlet | Found the +3 crown of Dyrovepreva {rElec Int+2 SInv}
 10841 | Gauntlet | Killed a minotaur
 10846 | Gauntlet | Identified the +3 buckler "Siufix Woank" {rPois}
 11246 | D:11     | Noticed a boulder beetle
 11585 | D:11     | Killed a boulder beetle
 11719 | D:11     | Killed a two-headed ogre
 11720 | D:11     | Reached XP level 12. HP: 82/101 MP: 22/22
 12040 | Lair:1   | Entered Level 1 of the Lair of Beasts
 12044 | Lair:1   | Learned a level 2 spell: Scorch
 12494 | Lair:1   | You fall into a shaft and drop 1 floor!
 12643 | Lair:2   | Noticed Urug
 12675 | Lair:2   | Killed Urug
 13093 | Lair:2   | Found a staircase to the Snake Pit.
 13524 | Lair:2   | Found a staircase to the Swamp.
 13685 | Lair:2   | Reached skill level 10 in Conjurations
 15230 | Lair:3   | Reached XP level 13. HP: 105/110 MP: 24/24
 15560 | Lair:4   | Noticed Nessos
 15732 | Lair:4   | Killed Nessos
 16247 | Lair:4   | Reached skill level 15 in Fire Magic
 16363 | Lair:4   | Found a runed translucent gate.
 16363 | Lair:4   | Found a runed translucent gate.
 16364 | Lair:4   | Found a runed translucent gate.
 16364 | Lair:4   | Noticed Ikikoito's ghost (journeyman TrFi)
 16365 | Lair:4   | Noticed Sume's ghost (journeyman OgEE)
 16365 | Lair:4   | Noticed Wuzine's ghost (journeyman GrFE)
 16367 | Lair:4   | Noticed Sudiex's ghost (journeyman DsFE)
 16741 | Lair:4   | Reached skill level 10 in Fighting
 16871 | Lair:4   | Noticed Josephine
 16882 | Lair:4   | Killed Josephine
 17789 | Lair:4   | Identified the ring "Doeb" {rCorr Int+3 Dex+3}
 17791 | Lair:4   | Identified the +2 great sword of Valiance {speed, Dex+2}
 18961 | Lair:5   | Entered Level 5 of the Lair of Beasts
 19158 | Lair:5   | Gained mutation: Your tail ends in a venomous barb. [Green
                  | Draconian growth]
 19158 | Lair:5   | Reached XP level 14. HP: 86/121 MP: 1/26
 20709 | Lair:5   | Reached skill level 10 in Long Blades
 20734 | Lair:5   | Reached skill level 10 in Spellcasting
 20858 | Lair:5   | Found a staircase to the Slime Pits.
 21949 | D:12     | Found a runed translucent gate.
 21950 | D:12     | Found a runed translucent gate.
 21950 | D:12     | Found a runed translucent gate.
 21953 | D:12     | Noticed HammerPanzer's ghost (journeyman MiBe)
 22055 | D:12     | Found a staircase to the Orcish Mines.
 22075 | D:12     | Found Ydunefau's Armour Emporium.
 22758 | D:12     | Killed HammerPanzer's ghost
 23512 | D:13     | Reached XP level 15. HP: 90/126 MP: 22/30
 23730 | D:13     | Identified a scroll of acquirement
 24774 | D:14     | Found a flickering gateway to a bazaar.
 24798 | Bazaar   | Entered a bazaar
 24802 | Bazaar   | Found Nojyis's Antique Armour Boutique.
 24819 | Bazaar   | Found Vaiteur's Magic Scroll Shoppe.
 24830 | Bazaar   | Found Woiclu Pelupt's Weapon Emporium.
 24857 | Bazaar   | Found Nall's General Store.
 24956 | Bazaar   | Bought a scroll of enchant armour for 52 gold pieces
 24986 | Bazaar   | Bought a potion of invisibility for 120 gold pieces
 24986 | Bazaar   | Bought a scroll of magic mapping for 112 gold pieces
 24986 | Bazaar   | Bought a scroll of fear for 60 gold pieces
 25030 | D:14     | Found a gate to the Vaults.
 25181 | D:14     | Noticed Louise
 25185 | D:14     | Killed Louise
 25848 | D:14     | Reached skill level 15 in Conjurations
 26616 | D:15     | Entered Level 15 of the Dungeon
 27560 | D:14     | Learned a level 7 spell: Orb of Destruction
 28510 | D:15     | Found a staircase to the Depths.
 28824 | Orc:1    | Entered Level 1 of the Orcish Mines
 29292 | Orc:2    | Entered Level 2 of the Orcish Mines
 29490 | Orc:2    | Reached XP level 16. HP: 134/134 MP: 25/32
 29711 | Orc:2    | Found a frozen archway.
 29735 | IceCv    | Entered an ice cave
 30309 | IceCv    | Identified the +5 scimitar of the Ferocious God {freeze,
                  | *Noise rN+++ Int+6}
 31010 | Orc:2    | Found a staircase to the Elven Halls.
 31483 | Orc:2    | Noticed Erolcha
 31495 | Orc:2    | Killed Erolcha
 31701 | Orc:2    | Found Iteuc's Book Shop.
 31701 | Orc:2    | Found Dosh's Book Shoppe.
 31852 | Orc:2    | Found Ekloh's Armour Shop.
 31958 | Orc:2    | Found Inuu's Distillery.
 32176 | Orc:2    | Acquired the +0 hat of the Ten Hurling Xalams {rF- Int+7
                  | Dex-4 Stlth+}
 32198 | Orc:2    | Learned a level 9 spell: Fire Storm
 32633 | Snake:1  | Entered Level 1 of the Snake Pit
 33185 | Snake:1  | Found a broken altar of Ashenzari.
 33433 | Snake:1  | Identified the +2 robe "Kofegun" {rElec Dex+2}
 34014 | Snake:1  | Noticed Rupert
 34034 | Snake:1  | Killed Rupert
 34454 | Snake:1  | Noticed Aizul
 34459 | Snake:1  | Killed Aizul
 35281 | Snake:2  | Found Hipuomiy's Jewellery Shoppe.
 35956 | Snake:2  | Found a runed translucent door.
 36279 | Snake:2  | Noticed Anon1729's ghost (adept MiMo)
 36654 | Snake:3  | Reached XP level 17. HP: 140/140 MP: 23/35
 38097 | Snake:4  | Entered Level 4 of the Snake Pit
 38331 | Snake:4  | Noticed Vashnia
 38374 | Snake:4  | Found a runed translucent door.
 38374 | Snake:4  | Noticed tilp's ghost (adept MeFi)
 38852 | Snake:4  | Killed Vashnia
 39418 | Snake:4  | Noticed Agnes
 39421 | Snake:4  | Killed Agnes
 39808 | Snake:4  | Noticed a quicksilver dragon
 39812 | Snake:4  | Noticed a quicksilver dragon
 40019 | Snake:4  | Found Jieleso's Jewellery Emporium.
 40023 | Snake:4  | Reached skill level 15 in Spellcasting
 40233 | Snake:4  | Killed a quicksilver dragon
 40350 | Snake:4  | Killed a quicksilver dragon
 40566 | Snake:4  | Got a serpentine rune of Zot
 41214 | Snake:4  | Killed tilp's ghost
 41391 | Swamp:1  | Entered Level 1 of the Swamp
 42120 | Swamp:1  | Identified the +1 pair of boots "Iffixij" {rPois rF+ Str+4}
 42266 | Swamp:1  | Found a runed translucent door.
 42267 | Swamp:1  | Noticed Piask's ghost (adept FoAK)
 42331 | Swamp:1  | Killed Piask's ghost
 42332 | Swamp:1  | Reached XP level 18. HP: 147/147 MP: 20/37
 42507 | Snake:4  | Bought a scroll of blinking for 142 gold pieces
 42509 | Snake:4  | Bought Ceap's Further Steps in the Hidden Arts for 672 gold
                  | pieces
 42515 | Snake:4  | Learned a level 5 spell: Fireball
 42970 | Swamp:2  | Noticed Jorgrun
 42979 | Swamp:2  | Killed Jorgrun
 43123 | Swamp:2  | Found a shimmering altar of Xom.
 43478 | Swamp:3  | Noticed Mlioglotl
 43487 | Swamp:3  | Noticed Mara
 43490 | Swamp:3  | Noticed Flugkiller's illusion
 43672 | Swamp:3  | Noticed Donald
 43725 | Swamp:3  | Killed Mlioglotl
 43907 | Swamp:3  | Killed Mara
 44105 | Swamp:3  | Killed Donald
 44350 | Swamp:4  | Entered Level 4 of the Swamp
 45544 | Swamp:4  | Got a decaying rune of Zot
 45834 | Vaults:1 | Entered Level 1 of the Vaults
 46102 | Snake:4  | Bought the ring of Hospitality {rC+ MP+9} for 578 gold
                  | pieces
 47021 | Vaults:1 | Reached XP level 19. HP: 154/154 MP: 39/39
 49027 | Vaults:2 | Paralysed by a sphinx for 2 turns
 49541 | Vaults:2 | Found Fuawalaz's Assorted Antiques.
 50377 | Vaults:2 | Found a staircase to the Crypt.
 50619 | Vaults:3 | Reached XP level 20. HP: 159/161 MP: 41/41
 52306 | Vaults:3 | Found a radiant altar of Vehumet.
 52312 | Vaults:3 | Identified the -2 hat "Dyghot" {Dex+5}
 54241 | Vaults:4 | Found Kato's Weapon Shoppe.
 54313 | Vaults:4 | Found a transporter.
 54359 | Vaults:4 | Found a transporter.
 54518 | Vaults:4 | Noticed Margery
 54526 | Vaults:4 | Killed Margery
 54730 | Vaults:4 | Reached XP level 21. HP: 168/168 MP: 40/43
 55953 | Vaults:4 | Identified the ring of Xom's Whimsicality {Str+3 Int+3
                  | Dex+6}
 55968 | Vaults:4 | Identified the ring of Zoahiqu {*Slow rC+++ Str+3 Int+6
                  | Dex+3}
 56253 | Depths:1 | Entered Level 1 of the Depths
 56491 | Orc:2    | Bought a book of Alchemy for 336 gold pieces
 56497 | Orc:2    | Learned a level 5 spell: Irradiate
 56685 | Depths:1 | Slain by a white very ugly thing

Illustrated notes

Levels and vault maps discovered:
D:1:      kennysheep_arrival_forest, layout_loops_ring,
          shapermc_ecumenical_altar_hornbeckon, solitary_fountain
D:2:      layout_rooms, uniq_sigmund
D:3:      layout_loops_ring, serial_shops, shop, uniq_jessica, uniq_natasha
D:4:      layout_rooms, nicolae_overflow_hidden_temple, minmay_mini_ossuary
D:5:      layout_basic, minmay_temple_entry_mini_moons, kennysheep_flooded_box
D:6:      layout_rooms, jmf_multi_god_temple, nicolae_alphabet_shops,
          serial_bayou_ford_a, nicolae_shop_fire_sale [nicolae_sub_dead_trees],
          minmay_ruined_shrine
D:7:      layout_loops_ring, grunt_dithmenos_shadows,
          nicolae_ossuary_entry_giza, nicolae_figureground_sparkle
D:8:      layout_basic, minmay_radiant
D:9:      layout_roguey, mainiacjoe_overflow_tiny_flanked,
          ploomutoo_gammafunk_ghost_potion_laboratory, grunt_decor_mini_mirrors
D:10:     layout_gridville, elyvilon_altar_5, trog_butcher_becter,
          minmay_lair_entry_grove, uniq_snorg
D:11:     layout_layer_cave, gauntlet_entry_generic, uniq_erica
D:12:     layout_rooms, orc_0_dummy, serial_shops, nicolae_shop_statue_plus,
          gammafunk_ghost_spectres, hangedman_misty_isle
D:13:     layout_basic, einodemon_crawler_minivault
D:14:     layout_cave_pods, erik_vaults_2, serial_shops, bzr_entry_lakeside,
          hangedman_decor_diamond_cutter, columned_hall_lemuel, uniq_louise
D:15:     gammafunk_enter_depths_forms, layout_long_grid,
          minmay_misc_feat_cross, serial_glass, glass_columns_a,
          glass_columns_b, eino_house_with_fridge
Temple:   nicolae_temple_ecumenical_triangle
Lair:1:   layout_long_grid
Lair:2:   layout_layer_cave, minmay_swamp_entry_reptiles,
          nicolae_snake_entry_warm_welcome, hibernation_bobbens,
          serial_bayou_shore_b, grunt_megastairs_2, uniq_urug
Lair:3:   layout_chaotic_city
Lair:4:   nzn_winding_woodlands_large [nzn_winding_woodlands_hourglass,
          nzn_winding_woodlands_5x15_pockets,
          nzn_winding_woodlands_5x5_checkerboard,
          nzn_winding_woodlands_center_garden,
          nzn_winding_woodlands_15x15_thick_spiral,
          nzn_winding_woodlands_center_triple_pond,
          nzn_winding_woodlands_5x5_perimeter, nzn_winding_woodlands_5x15_pool,
          nzn_winding_woodlands_5x5_cross], layout_layer_cave,
          gammafunk_ghost_cemetery, lookout_lair_type, serial_bayou_shore_b,
          uniq_nessos, uniq_josephine
Lair:5:   minmay_lair_end_enchanted_forest, layout_loops_ring,
          nicolae_slime_entry_slimehenge, grunt_megastairs_3
Swamp:1:  layout_basic_swamp, gammafunk_ghost_grave,
          evilmike_swamp_ruin_house_4, swamp_pool2, nicolae_swamp_little_swirl
Swamp:2:  layout_basic_swamp, evilmike_swamp_ruin_house_3,
          lemuel_altar_in_water, swamp_pool5, uniq_jorgrun
Swamp:3:  layout_falls_marsh, nicolae_swamp_tree_isthmus, uniq_mlioglotl,
          uniq_donald, uniq_mara
Swamp:4:  swamp_fiery, layout_basic_swamp
Snake:1:  layout_chambers, basic_altar, grunt_megastairs_5,
          serial_bayou_shore_b, uniq_aizul, uniq_rupert
Snake:2:  layout_grid_maze, ebering_ghost_inner_flame, serial_shops, shop,
          st_stairs_12, nicolae_snake_flat_spine, grunt_ministairs_9
Snake:3:  layout_misc_corridors, nicolae_snake_gridmaze_entwining,
          dpeg_stationary_puzzle, lemuel_fruit_tree
Snake:4:  hellmonk_snake_rune_quicksilver_temple, layout_chambers,
          gammafunk_ghost_grave, minmay_shop_star, uniq_vashnia, uniq_agnes
Orc:1:    layout_diamond_mine, serial_shops, nicolae_shop_behind_doors,
          hellmonk_bongcloud_opening
Orc:2:    st_orc_town, layout_caves, portal_ice_cave_entry_pillars_2,
          uniq_erolcha
Vaults:1: ontoclasm_vaults_spin, v_pattern_5, v_misc_1,
          vaults_room_grunt_arrival_ludios, v_misc_22,
          nicolae_vaults_circle_grid_a, vaults_dpeg_diagonal,
          ontoclasm_vaults_eye, v_misc_27, nicolae_vaults_little_squares_6,
          nicolae_vaults_know_your_exits, nicolae_vaults_little_squares_5,
          layout_vaults_big_room
Vaults:2: ontoclasm_vaults_tryst, v_misc_15, v_misc_2,
          nicolae_vaults_sealed_display, nicolae_vaults_ring_of_whatevers,
          minmay_crypt_entry_simple_walls, hangedman_vaults_pinch,
          vaults_dpeg_emergency_exit, nicolae_vaults_alarming,
          layout_vaults_omnigrid, serial_shops, nicolae_shop_crystal
Vaults:3: vaults_room_large_hall, v_pattern_2, vaults_room_door_hall,
          grunt_tower_of_power, vaults_mumra_minichess_inversion,
          hangedman_vaults_capsules, v_rooms_4, grunt_vaults_focal,
          vaults_room_hallway, grunt_vaults_trifunnel, nicolae_vaults_little_ls,
          v_misc_16, nicolae_vaults_little_squares_5, vaults_room_pool,
          layout_vaults_omnicross
Vaults:4: vaults_dpeg_spiral, nicolae_vaults_circle_grid_a,
          gammafunk_dig_for_victory, nicolae_vaults_triangles, v_rooms_1,
          v_misc_11, grunt_vaults_twisty, nicolae_vaults_bisected_slash,
          vaults_room_pool, hangedman_vaults_stream, vaults_mumra_chevron_long,
          v_misc_11, layout_vaults_maze, serial_shops,
          nicolae_shop_bloodbath_and_beyond, uniq_margery
Depths:1: layout_forbidden_donut, skrybe_limestone_x,
          abyss_entry_small_statue_room, pf_coc_iceberg,
          minmay_guarded_unrand_zonguldrok, minmay_shoptagon,
          serial_bayou_shore_b

Skill      XL: |  1  2  3  4  5  6  7  8  9 10 11 12 13 14 15 16 17 18 19 20 21 |
---------------+----------------------------------------------------------------+-----
Fighting       | 3 5 6 7 8 10 | 10.0
Long Blades    | 4 5 7 8 10 | 10.0
Spellcasting   | 3 4 5 7 8 11 12 14 15 16 17 18 19 | 19.3
Translocations | 4 |  4.0
Dodging        | 4 5 6 7 8 |  8.0
Conjurations   | 3 5 7 10 12 13 15 16 18 19 20 21 22 | 22.0
Fire Magic     | 3 8 12 14 15 16 18 19 20 21 22 | 22.0
Evocations     | 5 6 |  6.0
Throwing       | |  0.8

Action                     |  1- 3 |  4- 6 |  7- 9 | 10-12 | 13-15 | 16-18 | 19-21 || total
---------------------------+-------+-------+-------+-------+-------+-------+-------++-------
  Melee: Falchion          |    78 |   193 |   468 |   804 |    94 |       |       ||  1637
         Tailslap          |    10 |    27 |    78 |   174 |    68 |    12 |     5 ||   374
         Punch             |     1 |     2 |     8 |    18 |     1 |       |       ||    30
         Dagger            |       |     5 |    21 |       |       |       |       ||    26
         Great sword       |       |       |       |       |   228 |       |       ||   228
         Staff             |       |       |       |       |    48 |    45 |    23 ||   116
         Scimitar          |       |       |       |       |     7 |     8 |       ||    15
  Throw: Boomerang         |     2 |       |       |       |       |       |       ||     2
         Dart              |     2 |     1 |       |     2 |       |       |       ||     5
   Cast: Blink             |       |       |       |     1 |     2 |     2 |     2 ||     7
         Starburst         |       |       |       |    23 |   292 |   406 |   294 ||  1015
         Scorch            |       |       |       |       |     2 |       |       ||     2
         Orb of Destructio |       |       |       |       |       |    81 |    35 ||   116
         Fireball          |       |       |       |       |       |    81 |    45 ||   126
         Fire Storm        |       |       |       |       |       |       |     9 ||     9
 Invoke: Call Merchant     |       |       |       |       |       |     7 |       ||     7
Ability: Breathe Noxious F |       |       |     6 |    39 |     7 |     1 |       ||    53
  Evoke: Wand              |       |       |       |    19 |     6 |     2 |     5 ||    32
         Condenser vane    |       |       |       |       |       |       |     1 ||     1
    Use: Scroll            |     2 |     2 |     9 |    11 |     8 |     8 |     6 ||    46
         Potion            |       |     1 |       |     4 |       |       |     5 ||    10
   Stab: Sleeping          |       |     3 |     2 |       |       |       |       ||     5
         Distracted        |       |       |     2 |       |     4 |     1 |     1 ||     8
         Confused          |       |       |       |    49 |       |       |       ||    49
         Invisible         |       |       |       |    10 |       |       |       ||    10
 Armour: Skin              |    24 |    79 |    99 |   151 |   258 |    83 |    39 ||   733
  Dodge: Dodged            |    51 |   116 |   201 |   334 |   413 |   170 |    84 ||  1369
  Block: Buckler           |       |       |       |       |       |    65 |    37 ||   102

Table legend: (Time is in decaauts)
 A = Elapsed time spent in this place.
 B = Non-inter-level travel time spent in this place.
 C = Inter-level travel time spent in this place.
 D = Time resting spent in this place.
 E = Time spent auto-exploring this place.
 F = Levels seen in this place.
 G = Mean time per level.
                   A        B        C        D        E       F      G
               +--------+--------+--------+--------+--------+-----+--------+
         Total |  56592 |  53056 |   3536 |  18095 |  23472 |  40 | 1414.8 |
       Dungeon |  18061 |  16317 |   1744 |   4763 |   7775 |  15 | 1204.1 |
        Temple |     34 |     26 |      8 |      0 |      6 |   1 |   34.0 |
          Lair |  10127 |   9468 |    659 |   3045 |   4559 |   5 | 2025.4 |
         Swamp |   4329 |   4151 |    178 |   1182 |   2081 |   4 | 1082.2 |
     Snake Pit |   9023 |   8568 |    455 |   3278 |   3698 |   4 | 2255.8 |
  Orcish Mines |   2154 |   2009 |    145 |    767 |    777 |   2 | 1077.0 |
        Vaults |   9804 |   9460 |    344 |   3680 |   4024 |   4 | 2451.0 |
        Depths |     60 |     60 |      0 |     12 |      7 |   1 |   60.0 |
        Bazaar |    208 |    208 |      0 |      0 |     95 |   1 |  208.0 |
       Ossuary |    230 |    230 |      0 |     24 |     69 |   1 |  230.0 |
      Ice Cave |   1227 |   1227 |      0 |    635 |    276 |   1 | 1227.0 |
      Gauntlet |   1329 |   1329 |      0 |    709 |    103 |   1 | 1329.0 |
               +--------+--------+--------+--------+--------+-----+--------+

Top non-repeatable levels by time:
  Lair:4: 3448 daAuts
Vaults:4: 2736 daAuts
Vaults:3: 2724 daAuts
 Snake:4: 2699 daAuts
 Snake:1: 2387 daAuts
    D:14: 2379 daAuts
  Lair:2: 2290 daAuts
  Lair:5: 2248 daAuts
Vaults:1: 2200 daAuts
Vaults:2: 2142 daAuts
 Snake:3: 2010 daAuts
    D:15: 1933 daAuts
 Snake:2: 1926 daAuts
    D:13: 1858 daAuts
    D:12: 1513 daAuts
